[Event "*** Titled Tuesday Blitz"]
[Site "Chess.com"]
[Date "2019.04.02"]
[Round "10"]
[White "warmoatmeal"]
[Black "Nancy11111"]
[Result "1-0"]
[WhiteElo "1821"]
[BlackElo "2252"]
[TimeControl "180+2"]
[EndTime "16:20:56 PDT"]
[Termination "warmoatmeal won by checkmate"]

1. d4 d5 2. Bf4 e6 3. e3 Bd6 4.
Bg3 Nf6 5. Nf3 Ne4 6. Nbd2 Nxg3 7. hxg3 c5 8. c3 Nc6 9. Bd3 h6 10. Bb5 Bd7 11. Bxc6 Bxc6 12. Ne5 Qc7 13. f4 O-O-O 14.
O-O f6 15. Nd3 c4 16. Nf2 e5 17. b3 exf4 18. exf4 g5 19. bxc4 gxf4 20. c5 fxg3 21. cxd6 gxf2+ 22. Rxf2 Qxd6 23. Qf3 Rdf8 24. Qf4 Qd7 25.
Qf5 Rhg8 26. Qxd7+ Kxd7 27. Raf1 Rg6 28. Nf3 Ke6 29. Ne5 Rg3 30. Nf3 h5 31. Kh2 Rg6 32. Nh4 Rg4 33. Nf3 Bb5 34. Rb1 a6 35. a4 Bxa4 36.
Rxb7 Bb5 37. Ne5 f5 38. Rb6+ Ke7 39. Nxg4 hxg4 40. Kg3 Kd7 41. Kf4 Re8 42. Kxf5 Kc7 43. Rf6 g3 44. Ra2 Re3 45. Ra3 Re2 46. Kf4 Rxg2 47.
Rg6 Rf2+ 48. Kxg3 Rf1 49. Rg7+ Kb6 50. Rg5 Bc4 51. Rg6+ Kb5 52. Kg2 Rc1 53. Rgxa6 Rxc3 54. Rxc3 Kxa6 55. Kf3 Kb5 56. Ke3 Kb4 57. Rc1 Kb3 58.
Kf4 Kb2 59. Re1 Kc3 60. Ke5 Kd3 61. Rg1 Kd2 62. Rg6 Kd3 63. Rd6 Kc3 64. Rxd5 Kb4 65.
Rc5 Bb3 66. Rc1 Ba2 67. d5 Bxd5 68. Kxd5 Kb3 69. Kd4 Kb2 70. Rc8 Kb3 71. Rc7 Kb2 72. Kd3 Kb3 73. Rb7+ Ka4 74. Kc4 Ka5 75. Rb5+ Ka6 76.
Kc5 Ka7 77. Rb6 Ka8 78. Kc6 Ka7 79. Kc7 Ka8 80. Ra6# 1-0

[Event "*** Titled Tuesday Blitz"]
[Site "Chess.com"]
[Date "2019.04.02"]
[Round "10"]
[White "AryanTari"]
[Black "Grischuk"]
[Result "1-0"]
[WhiteElo "2859"]
[BlackElo "3036"]
[TimeControl "180+2"]
[EndTime "16:21:12 PDT"]
[Termination "AryanTari won by checkmate"]

1. e4 e5 2. Nf3 Nc6 3. Bb5 a6 4. Ba4 Nf6 5. O-O b5 6. Bb3 Bb7 7. Re1 Bc5 8. c3 d6 9. d4 Bb6 10. a4 O-O 11. Bg5 h6 12. Bxf6 Qxf6 13. Bd5 Rab8 14.
axb5 axb5 15. Na3 exd4 16. Nxb5 dxc3 17. Nxc3 Bc5 18. Qd2 Ne5 19. Nxe5 Qxe5 20. Kh1 Bxd5 21. exd5 Qd4 22. Re2 Qxd2 23. Rxd2 Rb4 24. Re1 Rfb8 25. Ree2 Rd4 26. g3 Kf8 27. Kg2 Rbb4 28. Nd1 Rxd2 29. Rxd2 Bd4 30. Rc2 Bc5 31. Nc3 g5 32. Kf3 Ke7 33. Ke2 f5 34. f3 Kf6 35. Kd3 Rd4+ 36. Ke2 Rb4 37. Kd3 h5 38. Re2 h4 39. Re6+ Kf7 40. Kc2 Bg1 41. Re2 h3 42. Kd3 Rd4+ 43. Kc2 Rb4 44. Kd3 Rd4+ 45. Kc2 Rc4 46. Kd3 Rb4 47.
Kc2 Bd4 48. Kd3 Be5 49. Rc2 Rd4+ 50. Ke3 Rc4 51. Kd3 Rd4+ 52. Ke2 Rb4 53. Nd1 Rb7 54. Ne3 Kf6 55. Nc4 Rb5 56. Nd2 Rxd5 57. Rxc7 Bxb2 58. Rh7 Bc3 59. Nf1 f4 60. gxf4 gxf4 61. Rxh3 Re5+ 62. Kd3 Ba5 63. Rh6+ Ke7 64. h4 d5 65. Nh2 Re3+ 66.
Kd4 Re1 67. Kxd5 Bd2 68. Ng4 Rf1 69. Ke4 Re1+ 70. Kf5 Rf1 71. Ne5 Bc3 72. Re6+ Kf8 73. Ng6+ Kf7 74. Re7+ Kg8 75. h5 Rxf3 76. h6 Rh3 77. Re8+ Kf7 78. Rf8# 1-0

[Event "*** Titled Tuesday Blitz"]
[Site "Chess.com"]
[Date "2019.04.02"]
[Round "10"]
[White "Chesstrainer1"]
[Black "olksuna"]
[Result "0-1"]
[WhiteElo "2388"]
[BlackElo "2473"]
[TimeControl "180+2"]
[EndTime "16:21:28 PDT"]
[Termination "olksuna won by resignation"]

1. d4 d5 2. c4 e6 3. Nf3 c6 4.
Qc2 Nf6 5. g3 dxc4 6. Qxc4 b5 7.
Qb3 Bb7 8. Bg2 Bc8 9. O-O Bb7 10.
Rd1 Be7 11. Nc3 O-O 12. Bg5 a6 13. e4 Nbd7 14. e5 Nd5 15. Bxe7 Qxe7 16. Rac1 c5 17. dxc5 Nxc5 18. Qa3 Rac8 19. Nxd5 Bxd5 20. Rc2 Qb7 21. Rdc1 b4 22. Qe3 Nd7 23. Nh4 Bxg2 24. Nxg2 Rxc2 25. Rxc2 Rc8 26. Ne1 a5 27. h4 h6 28.
Qd4 Rxc2 29. Nxc2 Qc7 30. f4 Nxe5 31. fxe5 Qxc2 32. Qd8+ Kh7 33. Qxa5 Qc1+ 34. Kg2 Qxb2+ 35. Kh3 h5 36. Qc7 Qb1 37. Qb7 Kg6 38. Qg2 Qf5+ 39. Kh2 Qxe5 40. Qc2+ f5 41. Qa4 Qe2+ 42. Kg1 Qg4 43.
Kh2 f4 44. gxf4 Qxh4+ 45. Kg2 Qg4+ 46. Kh1 Qxf4 47. Qe8+ Kg5 48. Qe7+ Qf6 49. Qxb4 Qa1+ 50. Kg2 Qxa2+ 51. Kh1 Qd5+ 52. Kh2 Qe5+ 53. Kh1 h4 54. Qd2+ Qf4 55. Qd8+ Kg4 56. Qd7 Qe4+ 57. Kg1 g5 58. Qd1+ Qf3 59. Qd4+ Kg3 60. Qe5+ Qf4 61. Qe1+ Kg4 62. Qe2+ Qf3 63. Qxe6+ Kf4 64. Qf6+ Kg4 65.
Qe6+ Qf5 66. Qe2+ Qf3 67. Qe6+ Kh5 68. Qe8+ Kg4 69. Qe6+ Kh5 70. Qe8+ Kh6 71. Qe6+ Kg7 72. Qe7+ Kg6 73. Qe6+ Qf6 74. Qe8+ Kf5 75. Qb5+ Ke4 76.
Qb7+ Kf4 77. Qb4+ Ke3 78. Qb3+ Ke4 79. Qb7+ Kf4 80. Qb4+ Kg3 81. Qb3+ Qf3 82. Qb8+ Kh3 83. Qh2+ Kg4 84. Qd6 Qg3+ 0-1

[Event "*** Titled Tuesday Blitz"]
[Site "Chess.com"]
[Date "2019.04.02"]
[Round "10"]
[White "GadimbayliA"]
[Black "GataKamsky1974"]
[Result "1/2-1/2"]
[WhiteElo "2822"]
[BlackElo "2802"]
[TimeControl "180+2"]
[EndTime "16:21:30 PDT"]
[Termination "Game drawn by agreement"]

1. e4 e5 2. Nf3 Nc6 3. Bb5 a6 4. Ba4 Nf6 5. O-O Be7 6. Re1 b5 7. Bb3 d6 8. c3 O-O 9. h3 Nb8 10. d4 Nbd7 11. Nbd2 Bb7 12. Bc2 Re8 13. Nf1 Bf8 14. Ng3 g6 15. Bg5 Bg7 16. Qd2 Qe7 17. Nh4 Qf8 18. d5 h6 19. Be3 c6 20. dxc6 Bxc6 21.
Bb3 Kh7 22. Rad1 Nxe4 23. Nxe4 Bxe4 24. Qxd6 Re7 25. Bxh6 Bxh6 26. Rxe4 Rb8 27. Ree1 Rb6 28. Qc7 Qb8 29. Qxb8 Nxb8 30. Nf3 f6 31. Rd8 Nd7 32. Rd1 Nc5 33. Bc2 Kg7 34. Nh4 e4 35. b4 Ne6 36.
R8d7 Rb7 37. Rxb7 Rxb7 38. Bxe4 Rc7 39. Nxg6 Nf4 40. Nxf4 Bxf4 41. g3 Be5 42. Rd8 Bxc3 43. Ra8 Bxb4 44. Rxa6 Bc5 45. Kg2 Re7 46. Bf3 Rd7 47.
Rc6 Ba7 48. Rc2 Bd4 49. Rd2 Rd6 50. h4 b4 51. Be4 Bc5 52. Rxd6 Bxd6 53. Kf3 Bc5 54. Ke2 Bd4 55. f4 Bc3 56. Kf3 Be1 57. Kg4 Bf2 58. Kh3 Be1 59. Bf5 Kf7 60. Bc2 Kg7 61.
h5 Kh6 62. Kg4 Bf2 63. Bg6 Be1 64. Kf3 Kg7 65. g4 Bd2 66. Ke4 Kh6 67. Kf5 Bc1 68.
Bf7 Bd2 69. Bb3 Bc1 70. Ke4 Bd2 71. Kf5 Bc1 72. Kxf6 Bxf4 73. Be6 Bg5+ 74. Ke5 Bd2 75. Kd5 Kg5 76. Kc4 Kh6 77. Kd3 Bf4 78. Kc2 Bd6 79. Kb3 Be7 80. Kc4 Kg5 81. Kd5 Bf6 82. Bf5 Bc3 83. Ke6 Bd2 84. Kf7 Bc3 85. Bd7 Bd4 86. Kg8 Kh6 87. Be8 Be3 88. Bg6 Bd2 89. Kf7 Be3 1/2-1/2

[Event "*** Titled Tuesday Blitz"]
[Site "Chess.com"]
[Date "2019.04.02"]
[Round "10"]
[White "IMDT02"]
[Black "Joseph_Truelson"]
[Result "0-1"]
[WhiteElo "2431"]
[BlackElo "2290"]
[TimeControl "180+2"]
[EndTime "16:21:32 PDT"]
[Termination "Joseph_Truelson won by checkmate"]

1. d4 d6 2. Nf3 f5 3. Nc3 Nf6 4. Bg5 Nbd7 5. e3 g6 6. Bc4 Bg7 7. Be6 Nb6 8. Bxc8 Rxc8 9. O-O O-O 10. Ne2 c5 11. c3 h6 12. Bxf6 Bxf6 13. Nf4 Qe8 14.
a4 e5 15. dxe5 dxe5 16. Nd5 Nxd5 17. Qxd5+ Qf7 18. Rfd1 Rfd8 19. Qxf7+ Kxf7 20. Kf1 Ke6 21. Ke2 Rxd1 22. Rxd1 Rd8 23. Rxd8 Bxd8 24. Nd2 Kd5 25. f3 e4 26. Nb3 Kc4 27. Nd2+ Kd5 28. b3 Ba5 29.
c4+ Ke5 30. Nf1 Bc3 31. Ng3 b6 32. Kf2 Bd2 33. Ne2 g5 34. f4+ Kf6 35. h3 Ke6 36. g4 Kf6 37. gxf5 gxf4 38. Nxf4 Kxf5 39. Nd5 h5 40. Kg3 Be1+ 41. Kg2 Kg5 42. Kf1 Bd2 43. Kg2 Kh4 44. Kh2 Bc1 45. Nf6 Bxe3 46. Nxe4 Bd4 47. Kg2 Be5 48. Nf2 Kg5 49. Kf3 Kf5 50. Nd3 Bd4 51. Ne1 Bc3 52. Nc2 Bd4 53. Na3 a6 54. Nb1 Ke5 55. Nd2 Bc3 56. Ne4 Bd4 57. Ng3 h4 58.
Ne2 Bb2 59. Kg4 Ke4 60. Nf4 Kd4 61. Nd5 Kd3 62. Nxb6 Kc2 63. Kxh4 Kxb3 64. Kg5 Kb4 65. h4 Ka5 66. Nd5 Kxa4 67. h5 Kb3 68. Nb6 a5 69.
Kf5 a4 70. Nxa4 Kxa4 71. Ke4 Kb4 72. Kd5 Bd4 73. h6 Kc3 74. h7 Kb4 75. h8=B Bxh8 76.
Kc6 Kxc4 77. Kb6 Kb4 78. Kc6 c4 79. Kd6 c3 80. Ke6 c2 81. Kf7 c1=Q 82. Kg6 Qc6+ 83. Kh7 Qd7+ 84. Kxh8 Kc5 85. Kg8 Kd5 86. Kf8 Ke6 87.
Kg8 Kf6 88. Kh8 Qg7# 0-1

[Event "*** Titled Tuesday Blitz"]
[Site "Chess.com"]
[Date "2019.04.02"]
[Round "10"]
[White "SARGISMV"]
[Black "Benek77"]
[Result "1/2-1/2"]
[WhiteElo "2463"]
[BlackElo "2645"]
[TimeControl "180+2"]
[EndTime "16:21:57 PDT"]
[Termination "Game drawn - insufficient material"]

1. Nf3 Nf6 2. c4 g6 3. Nc3 Bg7 4. e4 O-O 5. d4 d6 6. Be2 e5 7.
O-O Nc6 8. d5 Ne7 9. Ne1 Nd7 10.
Nd3 f5 11. Bd2 Nf6 12. f3 Kh8 13. c5 dxc5 14. Nxc5 c6 15. dxc6 Qd4+ 16. Kh1 Qxc5 17. cxb7 Bxb7 18. Rc1 fxe4 19. Nxe4 Qb6 20. Nc5 Rac8 21.
b4 Ned5 22. Qb3 a5 23. bxa5 Qxb3 24. axb3 Ba8 25. b4 Rfd8 26. Ne6 Rxc1 27. Rxc1 Rb8 28.
b5 e4 29. Be1 Bh6 30. Rb1 exf3 31. Bxf3 Re8 32. Nc5 Be3 33. Nd3 Kg7 34. b6 Bb7 35. Nb4 Nxb4 36. Bxb7 Nd3 37. Bc6 Re6 38. b7 Ba7 39. Bg3 Rxc6 40. b8=Q Bxb8 41. Bxb8 Nd7 42. Bg3 Rc1+ 43. Rxc1 Nxc1 44. a6 Nb6 45. Bf2 Na8 46. g4 Kf7 47. Kg2 Nd3 48. Bd4 Nb4 49. a7 Nc6 50. Bf2 Ke6 51. Kf3 Ke5 52. h4 Ne7 53.
Bg3+ Ke6 54. Kf4 h6 55. Be1 Nd5+ 56. Ke4 Nf6+ 57. Kf4 Nd5+ 58. Ke4 Ndc7 59. Bd2 h5 60. gxh5 gxh5 61. Kf4 Kf6 62. Bc3+ Kg6 63. Be1 Nd5+ 64. Ke5 Ne7 65. Kd6 Nc8+ 66. Kc6 Nxa7+ 67. Kb7 Nb5 68.
Kxa8 Kf5 69. Kb7 Kg4 70. Kc6 Nd4+ 71. Kd5 Nf3 72. Bf2 Nxh4 73. Ke4 Nf5 74. Be1 Ng3+ 75. Ke3 Kh3 76. Kf2 Kh2 77. Kf3 h4 78. Kg4 Ne4 79.
Bxh4 Kg2 80. Be7 Nd2 81. Kf5 Nf3 82. Bf6 Nd4+ 83. Ke4 Nf5 84. Kxf5 1/2-1/2

[Event "*** Titled Tuesday Blitz"]
[Site "Chess.com"]
[Date "2019.04.02"]
[Round "10"]
[White "pedro_gines"]
[Black "Chessmatus"]
[Result "0-1"]
[WhiteElo "2418"]
[BlackElo "2324"]
[TimeControl "180+2"]
[EndTime "16:22:12 PDT"]
[Termination "Chessmatus won on time"]

1. Nf3 Nf6 2. c4 c5 3. b3 d5 4. Bb2 d4 5. e3 Nc6 6. g3 e5 7.
Bg2 Bd6 8. exd4 cxd4 9. O-O O-O 10. Re1 Re8 11. d3 h6 12. Nbd2 Bf5 13. Ne4 Nxe4 14. dxe4 Be6 15. Nh4 g6 16. a3 a5 17. Rc1 Bf8 18. Bf1 h5 19. Bd3 Bh6 20. Rc2 Bg4 21.
f3 Be6 22. Bc1 Bxc1 23. Qxc1 Kg7 24. Qd2 Qf6 25. b4 axb4 26. axb4 Ra3 27. b5 Na5 28. Ra2 Nb3 29. Qb2 Rxa2 30. Qxa2 Nc5 31. Bf1 g5 32. Nf5+ Bxf5 33. exf5 Qxf5 34. Qf2 g4 35. f4 f6 36. Bg2 Re7 37. Qd2 Rd7 38. Bd5 Qd3 39. Qf2 e4 40. f5 e3 41. Qf4 Qd2 42. Rf1 d3 43. Qb8 Rxd5 44. cxd5 e2 45. Qc7+ Kh6 46. Qxc5 exf1=Q+ 47.
Kxf1 Qd1+ 48. Kg2 Qf3+ 49. Kg1 d2 50. Qf8+ Kg5 51. Qg8+ Kxf5 52. Qe6+ Kg5 53. Qg8+ Kh6 54. Qh8+ Kg6 55. Qg8+ Kf5 56. Qe6+ Kg6 57. Qe8+ Kg7 58. Qe7+ Kg6 59. Qe8+ Kg7 60. Qd7+ Kf8 61. Qc8+ Ke7 62. d6+ Kxd6 63. Qd8+ Ke5 64. Qxd2 Qd5 65. Qe3+ Qe4 66. Qc5+ Qd5 67. Qe3+ Kf5 68. Qf4+ Kg6 69. Qb4 Qd1+ 70. Kg2 Qe2+ 71. Kg1 Qd1+ 72. Kf2 Qc2+ 73.
Kg1 b6 74. Qe7 Qb1+ 75. Kg2 Qb2+ 76. Kg1 Qd4+ 77. Kg2 Qd5+ 78. Kg1 Qd4+ 79. Kg2 Qa1 80. Qe8+ Kf5 81. Qc8+ Ke5 82. Qc7+ Ke4 83. Qc6+ Ke3 84. Qxb6+ Ke4 85. Qe6+ Kd3 86. Qd5+ Ke3 87. Qe6+ Kd3 88.
Qd5+ Ke3 89. Qc5+ Ke4 90. Qc4+ Kf5 91. Qd3+ Ke5 92. Qe3+ Kd5 93. b6 Qb2+ 94. Qe2 Qxe2+ 0-1

[Event "*** Titled Tuesday Blitz"]
[Site "Chess.com"]
[Date "2019.04.02"]
[Round "10"]
[White "IMRosen"]
[Black "SoltaniciR"]
[Result "1/2-1/2"]
[WhiteElo "2540"]
[BlackElo "2588"]
[TimeControl "180+2"]
[EndTime "16:23:12 PDT"]
[Termination "Game drawn - insufficient material"]

1. d4 Nf6 2. Bf4 d5 3. e3 c5 4. Nf3 Nc6 5. Nbd2 cxd4 6. exd4 Bf5 7. c3 Qb6 8. Nb3 e6 9. Be2 Be7 10. Nh4 Bg6 11. Nxg6 hxg6 12. h3 Ne4 13. Bd3 Bd6 14. Be3 Nf6 15. a4 a6 16. a5 Qc7 17. O-O Ne7 18. Nc5 Nf5 19. Qa4+ Kf8 20. b4 Ng4 21. Bxf5 gxf5 22. Qd7 Nxe3 23. Qxc7 Bxc7 24. fxe3 Ra7 25. Rf3 Ke7 26. Raf1 b6 27. axb6 Bxb6 28. Ra1 Rha8 29. Rf2 a5 30. b5 Kd6 31. Na4 Rb8 32. Rc2 Bd8 33. Rb1 Rab7 34. Rcb2 Rc8 35. Nc5 Rb6 36. Kf1 Ra8 37. Na4 Rbb8 38. Ke2 Rc8 39. Kd3 Rab8 40.
Nc5 Bb6 41. Na6 Rb7 42. Rb3 Rc4 43. Ra1 f6 44. g3 e5 45. h4 g6 46. Rf1 a4 47. Ra3 Ba7 48. Nb4 Rxb5 49. Rxa4 Bb6 50. Ra6 Ke6 51. Kd2 Kf7 52. Rfa1 exd4 53. exd4 Rcxb4 54. cxb4 Rxb4 55. Rc1 Rxd4+ 56. Ke2 Re4+ 57. Kf1 Bd8 58.
Ra7+ Be7 59. Rcc7 f4 60. Kg2 fxg3 61. Kxg3 f5 62. Rd7 d4 63. h5 gxh5 64. Rd5 Kg6 65. Raa5 Rg4+ 66. Kf3 Rg5 67. Rxd4 Bf6 68. Rd6 f4 69. Raa6 Rf5 70. Ra8 Kf7 71. Ra7+ Kg6 72. Ra8 Kf7 73. Ra7+ Kg6 74. Ra1 Rg5 75. Kxf4 Rf5+ 76.
Kg3 Rg5+ 77. Kh3 Rf5 78. Rg1+ Rg5 79. Rf1 Rf5 80. Re1 Kg5 81. Rg1+ Kh6 82. Rb1 Rf3+ 83.
Kg2 Rf5 84. Rbb6 Kg5 85. Re6 Be5 86. Rg6+ Kh4 87. Rb4+ Rf4 88. Rxf4+ Bxf4 89. Kf3 Be5 90. Re6 Bc7 91. Re7 Bd6 92. Rg7 Be5 93. Rg6 Bc7 94.
Ke4 Bb8 95. Kf5 Kh3 96. Rg8 Bc7 97. Ke4 h4 98. Kf3 Bg3 99. Rc8 Kh2 100. Rc2+ Kh1 101. Kg4 Kg1 102. Kf3 Kh1 103. Rg2 h3 104. Rxg3 h2 105. Rh3 Kg1 106. Rg3+ Kf1 107. Rh3 Kg1 108. Kg3 h1=Q 109. Rxh1+ Kxh1 1/2-1/2

[Event "*** Titled Tuesday Blitz"]
[Site "Chess.com"]
[Date "2019.04.02"]
[Round "10"]
[White "enriquetejedor"]
[Black "IIIlllII1llIl"]
[Result "0-1"]
[WhiteElo "2560"]
[BlackElo "2773"]
[TimeControl "180+2"]
[EndTime "16:23:46 PDT"]
[Termination "IIIlllII1llIl won on time"]

1. d4 Nf6 2. Nf3 g6 3. Bf4 Bg7 4. e3 O-O 5. h3 d6 6. Be2 c5 7. c3 b6 8. O-O Bb7 9. Nbd2 Nbd7 10. Bh2 a6 11. a4 Ra7 12. Nc4 Qa8 13. Re1 Ne4 14. Bf1 Bd5 15. Nfd2 Rb8 16. Nxe4 Bxe4 17. Nd2 Bc6 18. Qb3 b5 19. axb5 axb5 20. Rxa7 Qxa7 21.
dxc5 Nxc5 22. Qc2 Qa2 23. Qb1 Qxb1 24. Rxb1 b4 25. Rc1 bxc3 26. bxc3 Rb2 27. Nc4 Ra2 28. Rd1 Ne4 29. Rb1 Bxc3 30. f3 Nd2 31. Nxd2 Bxd2 32. e4 d5 33. exd5 Bxd5 34. Rd1 g5 35. Bg3 f6 36. Bf2 e6 37. h4 h6 38. hxg5 hxg5 39. Bd3 Kg7 40. Bb1 Rb2 41. Bd4 Rb5 42. Rxd2 Rxb1+ 43. Kf2 Rb5 44. Rb2 Ra5 45. Rc2 Kg6 46. Re2 e5 47. Bc3 Ra3 48. Bb2 Rb3 49. Kg3 Bb7 50.
Bxe5 fxe5 51. Rxe5 Rb4 52. Re6+ Kf5 53. Re7 Bd5 54.
Rd7 Ke6 55. Rg7 Kf6 56. Rd7 Be6 57. Rd2 Kf5 58. Rc2 Rb5 59. Rd2 Ra5 60. Rc2 Bf7 61. Rc7 Bd5 62. Rd7 Be6 63. Rd2 Ra2 64. Rd8 Bc4 65.
Rd1 Be2 66. Rb1 Bd3 67. Rd1 Be2 68. Rc1 Ra5 69. Rb1 Bc4 70. Rc1 Bd5 71. Rc8 Ra3 72. Rf8+ Kg6 73. Rd8 Be6 74. Rd2 Kf5 75. Rb2 Rd3 76.
Rb5+ Bd5 77. Rb2 Kf6 78. Rb8 Be6 79. Rb2 g4 80. Kf4 gxf3 81. gxf3 Rd4+ 82. Ke3 Ra4 83. Rd2 Ke5 84. Rd3 Bd5 85. f4+ Ke6 86. f5+ Ke5 87. f6 Re4+ 88. Kd2 Rf4 89. f7 Rxf7 90.
Rc3 Be4 91. Ke3 Bd5 92. Rd3 Rh7 93. Rc3 Rh2 94. Rd3 Be4 95. Rc3 Bd5 96. Rd3 Rh1 97. Rc3 Ra1 98. Rd3 Be4 99. Rb3 Re1+ 100. Kf2 Rh1 101.
Kg3 Rg1+ 102. Kf2 Rg2+ 103. Ke1 Kd4 104. Kf1 Ra2 105. Kg1 Ke5 106. Kf1 Kd4 107. Kg1 Bd3 108. Rb8 Ke3 109. Rf8 Be4 110. Rf1 Bf3 111. Re1+ Kf4 112. Rb1 Kg3 113. Rc1 Rh2 0-1